3L
MONTANA PANDAS @ WIZARDING EXPRESS
09/14/2024
 
TOP OF THE 1ST
Montana Pandas batting - Pitching for Wizarding Express : LHP Todd Hines
Pitching: LHP Todd Hines
Batting: LHB Mike Pace 0-0: Ball
1-0: Called Strike
1-1: Foul Ball, location: 2F
1-2: Ball
2-2: Ground out U3 (Groundball, 3)
Batting: RHB Pancho Salaedo 0-0: Called Strike
0-1: Foul Ball, location: 2F
0-2: Foul Ball, location: 2F
0-2: Foul Ball, location: 2F
0-2: Foul Ball, location: 2F
0-2: Ball
1-2: Ball
2-2: Ball
3-2: Fly out, F7 (Flyball, 7M)
Batting: RHB Brent Ryan 0-0: Foul Ball, location: 2F
0-1: Ball
1-1: Swinging Strike
1-2: Strikes out looking
Top of the 1st over - 0 run(s), 0 hit(s), 0 error(s), 0 left on base; Montana 0 - Wizarding 0
BOTTOM OF THE 1ST
Wizarding Express batting - Pitching for Montana Pandas : RHP Mike Chambers
Pitching: RHP Mike Chambers
Batting: LHB Nathan Tanner 0-0: Ball
1-0: Ball
2-0: Swinging Strike
2-1: Ball
3-1: Base on Balls
Batting: LHB Chris Thurman 0-0: Called Strike
0-1: Ball
1-1: Foul Ball, location: 2F
1-2: Foul Ball, location: 2F
1-2: Ball
2-2: Ball
3-2: Strikes out looking
Batting: RHB Cole Shaffer 0-0: Called Strike
Nathan Tanner is caught stealing 2nd base
0-1: Ball
1-1: Ball
2-1: Called Strike
2-2: SINGLE (Flyball, 9LS)
Batting: LHB Júlio Valentín 0-0: Called Strike
0-1: Swinging Strike
0-2: Ground out 4-3 (Groundball, 4)
Bottom of the 1st over - 0 run(s), 1 hit(s), 0 error(s), 1 left on base; Montana 0 - Wizarding 0
TOP OF THE 2ND
Montana Pandas batting - Pitching for Wizarding Express : LHP Todd Hines
Batting: RHB Luis Muńóz 0-0: Called Strike
0-1: Swinging Strike
0-2: Ball
1-2: Foul Ball, location: 2F
1-2: Foul Ball, location: 2F
1-2: Ball
2-2: Ball
3-2: Base on Balls
Batting: LHB Luis Velázquez 0-0: Swinging Strike
0-1: Swinging Strike
0-2: Strikes out swinging
Batting: RHB Ted Cook 0-0: Ball
1-0: Fielders Choice at 2nd, 6-4 (Groundball, 6M)
Batting: RHB Dani Trejo 0-0: Fielders Choice at 2nd, 5-4 (Groundball, 56)
Top of the 2nd over - 0 run(s), 0 hit(s), 0 error(s), 0 left on base; Montana 0 - Wizarding 0
BOTTOM OF THE 2ND
Wizarding Express batting - Pitching for Montana Pandas : RHP Mike Chambers
Batting: LHB Kyung-chor Pang 0-0: Ground out 4-3 (Groundball, 34)
Batting: RHB António Martínez 0-0: Ball
1-0: Ball
2-0: Called Strike
2-1: Ball
3-1: Base on Balls
Batting: SHB Eugene Parrish 0-0: Ball
1-0: Ball
2-0: Ball
3-0: Called Strike
3-1: Grounds into double play, 4-6-3 (Groundball, 4M)
Bottom of the 2nd over - 0 run(s), 0 hit(s), 0 error(s), 0 left on base; Montana 0 - Wizarding 0
TOP OF THE 3RD
Montana Pandas batting - Pitching for Wizarding Express : LHP Todd Hines
Batting: LHB António González 0-0: Ball
1-0: SINGLE (Flyball, 6MD)
Batting: RHB Jim Scott 0-0: Ball
1-0: Called Strike
1-1: Called Strike
1-2: Foul Ball, location: 2F
1-2: Foul Ball, location: 2F
1-2: Strikes out swinging
Batting: LHB Mike Pace 0-0: Called Strike
0-1: Ball
1-1: Ball
2-1: Fly out, F4 (Line Drive, 4M)
Batting: RHB Pancho Salaedo 0-0: Called Strike
0-1: Foul Ball, location: 2F
0-2: Ground out 5-3 (Groundball, 5S)
Top of the 3rd over - 0 run(s), 1 hit(s), 0 error(s), 1 left on base; Montana 0 - Wizarding 0
BOTTOM OF THE 3RD
Wizarding Express batting - Pitching for Montana Pandas : RHP Mike Chambers
Batting: RHB Nathan Clay 0-0: Ball
1-0: Ball
2-0: Foul Ball, location: 2F
2-1: Ball
3-1: Base on Balls
Batting: LHB Rick Watson 0-0: Ball
1-0: Ball
2-0: Ball
3-0: Base on Balls
Nathan Clay to second
Batting: LHB Nathan Tanner 0-0: Ball
1-0: Fly out, F7 (Flyball, 7LM)
Batting: LHB Chris Thurman 0-0: Called Strike
0-1: Swinging Strike
0-2: Ball
1-2: Strikes out swinging
Batting: RHB Cole Shaffer 0-0: Ball
1-0: Ground out 5-3 (Groundball, 56)
Bottom of the 3rd over - 0 run(s), 0 hit(s), 0 error(s), 2 left on base; Montana 0 - Wizarding 0
TOP OF THE 4TH
Montana Pandas batting - Pitching for Wizarding Express : LHP Todd Hines
Batting: RHB Brent Ryan 0-0: Ball
1-0: Foul Ball, location: 2F
1-1: Swinging Strike
1-2: Ball
2-2: Strikes out swinging
Batting: RHB Luis Muńóz 0-0: Ball
1-0: Called Strike
1-1: Ball
2-1: SINGLE (Groundball, 56D)
Batting: LHB Luis Velázquez 0-0: Called Strike
0-1: Ball
1-1: Grounds into double play, U6-3 (Groundball, 6M)
Top of the 4th over - 0 run(s), 1 hit(s), 0 error(s), 0 left on base; Montana 0 - Wizarding 0
BOTTOM OF THE 4TH
Wizarding Express batting - Pitching for Montana Pandas : RHP Mike Chambers
Batting: LHB Júlio Valentín 0-0: Ball
1-0: Ground out U3 (Groundball, 3)
Batting: LHB Kyung-chor Pang 0-0: Swinging Strike
0-1: Ground out 6-3 (Groundball, 6M)
Batting: RHB António Martínez 0-0: Called Strike
0-1: Ball
1-1: Foul Ball, location: 2F
1-2: Strikes out swinging
Bottom of the 4th over - 0 run(s), 0 hit(s), 0 error(s), 0 left on base; Montana 0 - Wizarding 0
TOP OF THE 5TH
Montana Pandas batting - Pitching for Wizarding Express : LHP Todd Hines
Batting: RHB Ted Cook 0-0: Ball
1-0: Ball
2-0: Called Strike
2-1: SINGLE (Groundball, 56D)
Batting: RHB Dani Trejo 0-0: Called Strike
0-1: Ball
1-1: Swinging Strike
1-2: Ball
2-2: Ball
3-2: Strikes out looking
Batting: LHB António González 0-0: Ball
1-0: Ball
2-0: Ball
3-0: Called Strike
3-1: Grounds into double play, 4-6-3 (Groundball, 34)
Top of the 5th over - 0 run(s), 1 hit(s), 0 error(s), 0 left on base; Montana 0 - Wizarding 0
BOTTOM OF THE 5TH
Wizarding Express batting - Pitching for Montana Pandas : RHP Mike Chambers
Batting: SHB Eugene Parrish 0-0: Called Strike
0-1: Swinging Strike
0-2: Strikes out swinging
Batting: RHB Nathan Clay 0-0: Foul Ball, location: 2F
0-1: Ball
1-1: Ball
2-1: Ground out 4-3 (Groundball, 4)
Batting: LHB Rick Watson 0-0: SINGLE (Groundball, 3D)
Batting: LHB Nathan Tanner 0-0: Called Strike
0-1: Ball
1-1: Called Strike
1-2: Fly out, F8 (Flyball, 8RXD)
Bottom of the 5th over - 0 run(s), 1 hit(s), 0 error(s), 1 left on base; Montana 0 - Wizarding 0
TOP OF THE 6TH
Montana Pandas batting - Pitching for Wizarding Express : LHP Todd Hines
Batting: RHB Jim Scott 0-0: Ball
1-0: Called Strike
1-1: Ball
2-1: Ball
3-1: Ground out 1-3 (Groundball, 25)
Batting: LHB Mike Pace 0-0: Swinging Strike
0-1: Called Strike
0-2: Ball
1-2: Ball
2-2: Foul Ball, location: 2F
2-2: Foul Ball, location: 2F
2-2: Ball
3-2: Foul Ball, location: 2F
3-2: Fly out, F9 (Flyball, 89D)
Batting: RHB Pancho Salaedo 0-0: Ball
1-0: Ball
2-0: Swinging Strike
2-1: Ground out 4-3 (Groundball, 34)
Top of the 6th over - 0 run(s), 0 hit(s), 0 error(s), 0 left on base; Montana 0 - Wizarding 0
BOTTOM OF THE 6TH
Wizarding Express batting - Pitching for Montana Pandas : RHP Mike Chambers
Batting: LHB Chris Thurman 0-0: Ball
1-0: Ball
2-0: Ball
3-0: Base on Balls
Pitching: RHP Guillermo Pérez
Batting: RHB Cole Shaffer 0-0: Ball
1-0: Ball
2-0: Ball
3-0: Base on Balls
Chris Thurman to second
Batting: LHB Júlio Valentín 0-0: SINGLE (Line Drive, 89S)
Chris Thurman to third
Cole Shaffer to second
Batting: LHB Kyung-chor Pang 0-0: Ball
1-0: Ball
2-0: Ball
3-0: Base on Balls
Chris Thurman scores
Cole Shaffer to third
Júlio Valentín to second
Batting: RHB António Martínez 0-0: Called Strike
0-1: Ball
1-1: Foul Ball, location: 2F
1-2: Ball
2-2: Foul Ball, location: 2F
2-2: Foul Ball, location: 2F
2-2: Fly out, F8 (Flyball, 8RD)
Runner from 3rd tags up, SCORES, no throw
Batting: SHB Eugene Parrish 0-0: SINGLE (Groundball, 3D)
Júlio Valentín to third
Kyung-chor Pang to second
Runner from 3rd tries for Home, SAFE, throw made home
Batting: RHB Nathan Clay 0-0: Called Strike
0-1: Swinging Strike
0-2: Ball
1-2: Strikes out swinging
Batting: LHB Rick Watson 0-0: Called Strike
0-1: Ball
1-1: Ground out 4-3 (Groundball, 4)
Bottom of the 6th over - 3 run(s), 2 hit(s), 0 error(s), 2 left on base; Montana 0 - Wizarding 3
TOP OF THE 7TH
Montana Pandas batting - Pitching for Wizarding Express : LHP Todd Hines
Batting: RHB Brent Ryan 0-0: Ball
1-0: Called Strike
1-1: Foul Ball, location: 2F
1-2: Fly out, F7 (Flyball, 78XD)
Pitching: RHP Enrico Reséndez
Batting: RHB Luis Muńóz 0-0: Foul Ball, location: 2F
0-1: Ball
1-1: Ball
2-1: Foul Ball, location: 2F
2-2: Ball
3-2: Ground out 1-3 (Groundball, 13S)
Batting: LHB Luis Velázquez 0-0: Ball
1-0: Called Strike
1-1: Foul Ball, location: 2F
1-2: Ground out 6-3 (Groundball, 6MS)
Top of the 7th over - 0 run(s), 0 hit(s), 0 error(s), 0 left on base; Montana 0 - Wizarding 3
BOTTOM OF THE 7TH
Wizarding Express batting - Pitching for Montana Pandas : RHP Guillermo Pérez
Batting: LHB Nathan Tanner 0-0: Called Strike
0-1: Ball
1-1: SOLO HOME RUN (Flyball, 89XD), Distance : 393 ft
Pitching: RHP Frank Walker
Batting: LHB Chris Thurman 0-0: Foul Ball, location: 2F
0-1: Ball
1-1: Foul Ball, location: 2F
1-2: Ball
2-2: Foul Ball, location: 2F
2-2: Fly out, F5 (Popup, 56)
Batting: RHB Cole Shaffer 0-0: Ball
1-0: Swinging Strike
1-1: DOUBLE (Flyball, 89XD)
Batting: LHB Júlio Valentín 0-0: Ball
1-0: Ground out 4-3 (Groundball, 4)
Cole Shaffer to third
Pitching: RHP Carlos Guzmán
Batting: LHB Kyung-chor Pang 0-0: Ball
1-0: SINGLE (Flyball, 8LS)
Cole Shaffer scores
Batting: RHB António Martínez 0-0: Ball
1-0: Foul Ball, location: 2F
1-1: Called Strike
1-2: Foul Ball, location: 2F
1-2: SINGLE (Groundball, 56D)
Kyung-chor Pang to second
Batting: SHB Eugene Parrish 0-0: Fielders Choice at 2nd, 6-4 (Groundball, 6)
Bottom of the 7th over - 2 run(s), 4 hit(s), 0 error(s), 1 left on base; Montana 0 - Wizarding 5
TOP OF THE 8TH
Montana Pandas batting - Pitching for Wizarding Express : RHP Enrico Reséndez
Batting: RHB Ted Cook 0-0: Swinging Strike
0-1: Foul Ball, location: 2F
0-2: Ball
1-2: Strikes out looking
Batting: RHB Dani Trejo 0-0: Ball
1-0: SINGLE (Line Drive, 56D)
Batting: LHB António González 0-0: Ball
1-0: Called Strike
1-1: Called Strike
1-2: Strikes out swinging
Batting: RHB Jim Scott 0-0: Swinging Strike
0-1: Foul Ball, location: 2F
0-2: Ball
1-2: Strikes out looking
Top of the 8th over - 0 run(s), 1 hit(s), 0 error(s), 1 left on base; Montana 0 - Wizarding 5
BOTTOM OF THE 8TH
Wizarding Express batting - Pitching for Montana Pandas : RHP Carlos Guzmán
Batting: RHB Nathan Clay 0-0: Foul Ball, location: 2F
0-1: Ground out 5-3 (Groundball, 5)
Batting: LHB Rick Watson 0-0: Called Strike
0-1: Ground out 4-3 (Groundball, 34)
Batting: LHB Nathan Tanner 0-0: Swinging Strike
0-1: Foul Ball, location: 2F
0-2: Ball
1-2: Foul Ball, location: 2F
1-2: Ball
2-2: Ball
3-2: Base on Balls
Batting: LHB Chris Thurman 0-0: Ball
1-0: Ball
2-0: Called Strike
2-1: Fly out, F8 (Flyball, 8LM)
Bottom of the 8th over - 0 run(s), 0 hit(s), 0 error(s), 1 left on base; Montana 0 - Wizarding 5
TOP OF THE 9TH
Montana Pandas batting - Pitching for Wizarding Express : RHP Enrico Reséndez
Batting: LHB Mike Pace 0-0: Ball
1-0: Foul Ball, location: 2F
1-1: Ball
2-1: Ball
3-1: Ground out 4-3 (Groundball, 34)
Batting: RHB Pancho Salaedo 0-0: Foul Ball, location: 2F
0-1: Swinging Strike
0-2: Strikes out swinging
Batting: RHB Brent Ryan 0-0: Called Strike
0-1: Swinging Strike
0-2: Ball
1-2: Foul Ball, location: 2F
1-2: Foul Ball, location: 2F
1-2: Ball
2-2: Strikes out swinging
Top of the 9th over - 0 run(s), 0 hit(s), 0 error(s), 0 left on base; Montana 0 - Wizarding 5
This league is powered by Out of the Park Baseball, the baseball management simulation game for PC, Mac and Linux
Monday, October 3rd, 2016 - OOTP Baseball 16.9 Build 39